 Dungeon Crawl Stone Soup version 0.31-a0-165-g3f4f80340b (webtiles) character file.

Game seed: 6943515790332260347

379 qw the Shooter (level 6, -3/57 HPs)
             Began as a Naga Hunter on June 13, 2023.
             Blown up by Ijyb (20 damage)
             ... with a mindburst bolt
             ... on level 3 of the Dungeon.
             The game lasted 00:01:09 (2844 turns).

qw the Shooter (Naga Hunter)                        Turns: 2844, Time: 00:01:09

Health: -3/57      AC:  6    Str: 14    XL:     6   Next: 74%
Magic:  6/6        EV:  9    Int:  9    God:
Gold:   162        SH:  0    Dex: 16    Spells: 5/5 levels left

rFire   + . .        Y - +1 shortbow (freeze)
rCold   + . .        (shield currently unavailable)
rNeg    . . .        f - +2 leather armour {rF+}
rPois   +            (no helmet)
rElec   .            (no cloak)
rCorr   .            j - +0 pair of gloves
SInv    +            (no barding)
Will    .....        (no amulet)
Stlth   ++           a - ring of protection from cold
HPRegen 0.29/turn    (no ring)
MPRegen 0.10/turn

%: no passive effects
@: very slow
A: AC +2, large, see invisible, deformed body, poison resistance, slowness 2,
spit poison 1, naga tail 1
a: Spit Poison


You were on level 3 of the Dungeon.
You visited 1 branch of the dungeon, and saw 4 of its levels.

You collected 162 gold pieces.


Innate Abilities, Weirdness & Mutations

Your serpentine skin is tough. (AC +2)
You have supernaturally acute eyesight. (SInv)
Armour fits poorly on your strangely shaped body.
Your system is resistant to poisons. (rPois)
You cover ground very slowly.
You can spit poison.
You have a snake-like lower body.


   Skills:
 - Level 4.0 Fighting
 + Level 6.3 Ranged Weapons
 - Level 1.5 Dodging
 - Level 1.5 Stealth


You had 5 spell levels left.
You didn't know any spells.
Your spell library was empty.

Inventory:

Hand Weapons
 Y - a +1 shortbow of freezing (weapon)
Armour
 f - a +2 leather armour of fire resistance (worn)
 j - a +0 pair of gloves (worn)
Jewellery
 a - a ring of protection from cold (left hand)
Scrolls
 e - a scroll of identify
Potions
 b - a potion of lignification {unknown}
 d - a potion of heal wounds
 h - a potion of mutation
 i - 2 potions of curing

Dungeon Overview and Level Annotations

Branches:
Dungeon (4/15)
 Temple: D:4-7

Altars:
Fedhas
Nemelex Xobeh
Qazlal
Zin

Annotations:
D:3 Ijyb


Message History

The splash of poison misses Ijyb.
Ijyb hits you with a +0 dagger. The endoplasm hits you.
The scorpion stings you.
2838 ||| STAIRDANCE The scorpion stings you but does no damage.
The scorpion closely misses you. Ijyb hits you but does no damage.
The endoplasm freezes you.
You are frozen.
You resist.
You climb upwards.
There is a stone staircase leading down here.
You shoot an arrow. The arrow hits Ijyb but does no damage.
You have got your breath back.
The scorpion stings you. The endoplasm freezes you.
You are frozen.
You resist. Ijyb completely misses you. The scorpion stings you.
2841 ||| INVOKING Spit Poison.
Aiming: Spit Poison (1% risk of failure)
Press: ? - help, Shift-Dir - straight line, f/p - Ijyb The splash of poison hits Ijyb.
Ijyb is poisoned.
Ijyb is moderately wounded.
Ijyb drinks a potion.
Ijyb is healed!
Ijyb looks more healthy.
The endoplasm jiggles.
The endoplasm hits you but does no damage.
The scorpion stings you.
You shoot an arrow. The arrow barely misses Ijyb.
Ijyb zaps a wand.
Your mind is blasted!
The endoplasm hits you but does no damage.
The scorpion stings you but does no damage.
You shoot an arrow. The arrow closely misses Ijyb.
The scorpion barely misses you.
The endoplasm hits you but does no damage.
Ijyb zaps a wand.
Your mind is blasted!
The scorpion stings you but does no damage.
The endoplasm hits you but does no damage.
Ijyb hits you with a +0 dagger.
You shoot an arrow. The arrow hits Ijyb!
The arrow freezes Ijyb.
Ijyb is severely wounded.
You have got your breath back.
The scorpion stings you but does no damage.
Ijyb zaps a wand.
Your mind is blasted!
You die...

##############
#####<##.......gs#
........)#######@#
###.....## #s#
..##...## #J#
#.###.## #.# #.#
#.# #.# #.# #.#
####.#####
#.###'##
#........#
#.##...##
#.##.###.#
..#.....## #.##.#
#.#


You could see Ijyb, 2 scorpions and an endoplasm.

Vanquished Creatures
  A kobold brigand (D:3)
  A scorpion (D:3)
  A hound (D:2)
  Natasha (thrice) (D:3)
  4 adders
  4 worms
  6 dart slugs
  3 orcs (D:3)
  4 endoplasms
  A giant cockroach (D:3)
  11 hobgoblins
  6 jackals (D:3)
  4 quokkas
  4 ball pythons
  5 bats
  9 frilled lizards
  5 goblins
  12 kobolds
  5 rats
89 creatures vanquished.

Notes
Turn   | Place    | Note
-------+----------+-------------------------------------------
     0 | D:1      | qw the Naga Hunter began the quest for the Orb.
     0 | D:1      | Reached XP level 1. HP: 19/19 MP: 1/1
     0 | D:1      | 0 ||| qw: Version: 0.2-a-29-gc1b59c4
     0 | D:1      | 0 ||| qw: Game counter: 4739
     0 | D:1      | 0 ||| qw: Always use a shield: true
     0 | D:1      | 0 ||| qw: God list: Okawaru
     0 | D:1      | 0 ||| qw: Allow faded altars: false
     0 | D:1      | 0 ||| qw: Do Orc after D:15 true
     0 | D:1      | 0 ||| qw: Do second Lair branch before Depths: true
     0 | D:1      | 0 ||| qw: Lair rune preference: random
     0 | D:1      | 0 ||| qw: Plans: Normal
     0 | D:1      | 0 ||| PLANNING D:1-11
    11 | D:1      | 11 ||| INVOKING Spit Poison.
    17 | D:1      | 17 ||| INVOKING Spit Poison.
    22 | D:1      | 22 ||| INVOKING Spit Poison.
    52 | D:1      | 52 ||| INVOKING Spit Poison.
    76 | D:1      | 76 ||| INVOKING Spit Poison.
    80 | D:1      | 80 ||| INVOKING Spit Poison.
   122 | D:1      | 122 ||| FLEEEEING.
   127 | D:1      | 127 ||| INVOKING Spit Poison.
   128 | D:1      | Reached skill level 4 in Ranged Weapons
   128 | D:1      | Reached XP level 2. HP: 26/26 MP: 2/2
   151 | D:1      | 151 ||| INVOKING Spit Poison.
   161 | D:1      | 161 ||| INVOKING Spit Poison.
   166 | D:1      | 166 ||| INVOKING Spit Poison.
   207 | D:1      | 207 ||| INVOKING Spit Poison.
   210 | D:1      | 210 ||| INVOKING Spit Poison.
   212 | D:1      | Found a faded altar of an unknown god.
   531 | D:1      | 531 ||| READING scroll labelled BASHU VIBLO.
   532 | D:1      | 532 ||| READING 3 scrolls labelled WOAWKAD DA VURO.
   533 | D:1      | 533 ||| READING scroll labelled TIHEMISTRUXAY.
   534 | D:1      | 534 ||| READING scroll labelled SYUPE BESOONAJ.
   535 | D:1      | 535 ||| READING 2 scrolls of identify.
   535 | D:1      | 535 ||| IDENTIFYING inky potion
   536 | D:1      | 536 ||| DROPPING scroll of butterflies.
   537 | D:1      | 537 ||| DROPPING potion of enlightenment.
   561 | D:2      | 561 ||| INVOKING Spit Poison.
   570 | D:2      | 570 ||| INVOKING Spit Poison.
   578 | D:2      | 578 ||| INVOKING Spit Poison.
   580 | D:2      | Reached XP level 3. HP: 32/32 MP: 3/3
   590 | D:2      | 590 ||| INVOKING Spit Poison.
   617 | D:2      | 617 ||| INVOKING Spit Poison.
   677 | D:2      | 677 ||| INVOKING Spit Poison.
   762 | D:2      | 762 ||| INVOKING Spit Poison.
   776 | D:2      | 776 ||| INVOKING Spit Poison.
   781 | D:2      | 781 ||| INVOKING Spit Poison.
   782 | D:2      | Reached skill level 5 in Ranged Weapons
   782 | D:2      | Reached XP level 4. HP: 22/39 MP: 4/4
   874 | D:2      | 874 ||| INVOKING Spit Poison.
  1088 | D:2      | 1088 ||| INVOKING Spit Poison.
  1131 | D:2      | 1131 ||| INVOKING Spit Poison.
  1136 | D:2      | 1136 ||| INVOKING Spit Poison.
  1215 | D:2      | 1215 ||| INVOKING Spit Poison.
  1221 | D:2      | 1221 ||| UPGRADING to ring of protection from cold.
  1222 | D:2      | 1222 ||| READING 2 scrolls labelled SUNENI MEM.
  1225 | D:2      | 1225 ||| READING scroll labelled IQIACKURIE.
  1226 | D:2      | 1226 ||| READING 2 scrolls of identify.
  1226 | D:2      | 1226 ||| IDENTIFYING brown potion
  1280 | D:3      | 1280 ||| INVOKING Spit Poison.
  1283 | D:3      | 1283 ||| FLEEEEING.
  1287 | D:3      | 1287 ||| INVOKING Spit Poison.
  1295 | D:3      | 1295 ||| INVOKING Spit Poison.
  1299 | D:3      | 1299 ||| INVOKING Spit Poison.
  1310 | D:3      | 1310 ||| INVOKING Spit Poison.
  1313 | D:3      | 1313 ||| INVOKING Spit Poison.
  1326 | D:3      | 1326 ||| INVOKING Spit Poison.
  1378 | D:3      | Noticed a scorpion
  1379 | D:3      | 1379 ||| INVOKING Spit Poison.
  1385 | D:3      | 1385 ||| INVOKING Spit Poison.
  1386 | D:3      | Killed a scorpion
  1387 | D:3      | Reached skill level 3 in Fighting
  1387 | D:3      | Reached XP level 5. HP: 30/50 MP: 5/5
  1498 | D:3      | 1498 ||| INVOKING Spit Poison.
  1519 | D:3      | 1519 ||| INVOKING Spit Poison.
  1525 | D:3      | 1525 ||| INVOKING Spit Poison.
  1630 | D:3      | 1630 ||| INVOKING Spit Poison.
  1634 | D:3      | 1634 ||| INVOKING Spit Poison.
  1637 | D:3      | 1637 ||| INVOKING Spit Poison.
  1637 | D:3      | Noticed Natasha
  1642 | D:3      | 1642 ||| INVOKING Spit Poison.
  1646 | D:3      | 1646 ||| INVOKING Spit Poison.
  1717 | D:3      | 1717 ||| INVOKING Spit Poison.
  1744 | D:3      | Noticed a kobold brigand
  1745 | D:3      | 1745 ||| INVOKING Spit Poison.
  1751 | D:3      | 1751 ||| INVOKING Spit Poison.
  1756 | D:3      | HP: 9/50 [poisoned by a kobold brigand]
  1757 | D:3      | 1757 ||| READING scroll of teleportation.
  1757 | D:3      | HP: 3/50 [poisoned by a kobold brigand]
  1758 | D:3      | 1758 ||| DRINKING 3 potions of heal wounds.
  1759 | D:3      | 1759 ||| DRINKING 2 potions of heal wounds.
  1767 | D:3      | HP: 12/50 [poisoned by a kobold brigand]
  1931 | D:3      | 1931 ||| INVOKING Spit Poison.
  1938 | D:3      | 1938 ||| INVOKING Spit Poison.
  1972 | D:3      | 1972 ||| INVOKING Spit Poison.
  1976 | D:3      | 1976 ||| READING 3 scrolls of identify.
  1976 | D:3      | 1976 ||| IDENTIFYING lumpy purple potion
  1978 | D:3      | 1978 ||| READING 2 scrolls of identify.
  1978 | D:3      | 1978 ||| IDENTIFYING fizzy ruby potion
  1979 | D:3      | 1979 ||| INVOKING Spit Poison.
  1983 | D:3      | 1983 ||| INVOKING Spit Poison.
  1986 | D:3      | Killed a kobold brigand
  1987 | D:3      | Reached XP level 6. HP: 43/57 MP: 6/6
  1987 | D:3      | 1987 ||| INVOKING Spit Poison.
  1990 | D:3      | 1990 ||| INVOKING Spit Poison.
  2054 | D:3      | 2054 ||| INVOKING Spit Poison.
  2057 | D:3      | 2057 ||| INVOKING Spit Poison.
  2063 | D:3      | Killed Natasha
  2064 | D:3      | Reached skill level 6 in Ranged Weapons
  2196 | D:3      | 2196 ||| INVOKING Spit Poison.
  2216 | D:3      | 2216 ||| INVOKING Spit Poison.
  2316 | D:3      | Found a glowing silver altar of Zin.
  2349 | D:3      | Found a sparkling altar of Nemelex Xobeh.
  2350 | D:3      | 2350 ||| INVOKING Spit Poison.
  2358 | D:3      | 2358 ||| INVOKING Spit Poison.
  2382 | D:3      | 2382 ||| INVOKING Spit Poison.
  2396 | D:3      | 2396 ||| INVOKING Spit Poison.
  2400 | D:3      | 2400 ||| INVOKING Spit Poison.
  2404 | D:3      | 2404 ||| INVOKING Spit Poison.
  2421 | D:3      | 2421 ||| INVOKING Spit Poison.
  2541 | D:3      | Found a stormy altar of Qazlal.
  2542 | D:3      | Found a blossoming altar of Fedhas.
  2552 | D:3      | 2552 ||| INVOKING Spit Poison.
  2555 | D:3      | 2555 ||| INVOKING Spit Poison.
  2578 | D:3      | Noticed Natasha
  2579 | D:3      | 2579 ||| INVOKING Spit Poison.
  2581 | D:3      | Killed Natasha
  2614 | D:3      | 2614 ||| INVOKING Spit Poison.
  2680 | D:3      | 2680 ||| INVOKING Spit Poison.
  2708 | D:3      | 2708 ||| UPGRADING to +2 leather armour of fire resistance.
  2718 | D:3      | 2718 ||| DROPPING +0 leather armour.
  2719 | D:3      | 2719 ||| UPGRADING to +0 pair of gloves.
  2724 | D:3      | 2724 ||| READING scroll labelled KADITIA FOUMOUQ.
  2725 | D:3      | 2725 ||| READING scroll labelled PORUBRAGIG.
  2726 | D:3      | 2726 ||| READING scroll labelled SEACE ECKETOKA.
  2735 | D:3      | Noticed Natasha
  2736 | D:3      | 2736 ||| INVOKING Spit Poison.
  2741 | D:3      | 2741 ||| INVOKING Spit Poison.
  2741 | D:3      | Killed Natasha
  2747 | D:3      | 2747 ||| INVOKING Spit Poison.
  2755 | D:3      | 2755 ||| READING scroll labelled HEEWEIMAACID.
  2776 | D:4      | Noticed Ijyb
  2777 | D:4      | 2777 ||| PLANNING SEWER
  2777 | D:4      | 2777 ||| INVOKING Spit Poison.
  2778 | D:4      | 2778 ||| STAIRDANCE
  2837 | D:4      | 2837 ||| INVOKING Spit Poison.
  2838 | D:4      | 2838 ||| STAIRDANCE
  2841 | D:3      | 2841 ||| INVOKING Spit Poison.
  2844 | D:3      | Blown up by Ijyb

Levels and vault maps discovered:
D:1:      eino_arrival_tree_alley, layout_rooms,
          hellmonk_ecumenical_altar_run_dry
D:2:      layout_loops_ring, kennysheep_generic_room_2
D:3:      cheibrodos_thug_alley, layout_loops_corners,
          grunt_temple_overflow_forces_of_nature, zin_academy,
          nemelex_xobeh_ov_fountains_minmay, hangedman_feature_mirror,
          feat_on_display, uniq_natasha
D:4:      layout_basic, gup_sewer_entry_bubbles, uniq_ijyb

Skill      XL: |  1  2  3  4  5  6 |
---------------+-------------------+-----
Ranged Weapons | 4 5 6 |  6.3
Fighting       | 3 4 |  4.0
Dodging        | |  1.5
Stealth        | |  1.5

Action                     |  1- 3 |  4- 6 || total
---------------------------+-------+-------++-------
   Fire: Shortbow          |    51 |   127 ||   178
Ability: Spit Poison       |    21 |    54 ||    75
    Use: Scroll            |     5 |    10 ||    15
         Potion            |       |     2 ||     2
 Armour: Leather armour    |     6 |    24 ||    30
  Dodge: Dodged            |    15 |    30 ||    45

Table legend:
 A = Non-vault XP
 B = Vault XP
 C = Vault XP percentage of total XP
 D = Non-vault monster count
 E = Vault monster count
 F = Vault count percentage of total count
                 A         B        C        D         E       F
            +---------+---------+-------+---------+---------+-------
      Total |     377 |     165 |  30.4 |      70 |      19 |  21.3
            +---------+---------+-------+---------+---------+-------
        D:1 |      25 |       0 |   0.0 |      16 |       0 |   0.0
        D:2 |     102 |       0 |   0.0 |      22 |       0 |   0.0
        D:3 |     248 |     165 |  40.0 |      31 |      19 |  38.0
        D:4 |       2 |       0 |   0.0 |       1 |       0 |   0.0
            +---------+---------+-------+---------+---------+-------
